 Dungeon Sprint DCSS version 0.30.1-9-gdf580d7c3d (webtiles) character file.

Game seed: 16070530723651082885

405999 Heoruswealwe the Axe Maniac (level 20, -10/216 HPs)
             Began as a Minotaur Fighter on Oct 23, 2023.
             Was an Initiate of Gozag.
             Killed by a mummy priest's death curse (14 damage)
             ... in the Dungeon (Sprint IX: "|||||||||||||||||||||||||||||").
             The game lasted 02:10:03 (14416 turns).

Heoruswealwe the Axe Maniac (Minotaur Fighter)     Turns: 14416, Time: 02:10:05

Health: -10/216    AC: 45    Str: 32    XL:     20   Next: 18%
Magic:  35/35      EV: 17    Int:  2    God:    Gozag
Gold:   2039       SH: 26    Dex: 11    Spells: 43/43 levels left

rFire   + + +        a - +16 obsidian axe {drain, demonic, Mesm Drain Fly SInv}
rCold   + + .        d - +2 tower shield {AC+3}
rNeg    . . .        c - +7 gold dragon scales
rPois   +            g - +0 hat "Ebyad" {rF+}
rElec   .            h - +1 cloak "Nequthuu" {rF+ rC+}
rCorr   +            f - +0 pair of gloves {Str+3}
SInv    +            e - +1 pair of boots
Will    +++..        i - necklace of Bloodlust {Fury *Rage Will++ Int-3 Slay+6} Stlth
                     k - ring "Zuodeddi" {+Blink rCorr Slay+4}
HPRegen 0.00/turn    j - ring "Reger" {Wiz Fly rPois Slay+6 Stlth-}
MPRegen 0.24/turn

%: no teleportation, clarity, wizardry (x1)
@: gold aura, flying, inhibited regen
A: horns 2, retaliatory headbutt, clarity, inhibited regeneration
0: Orb of Zot
}: 7/17 runes: decaying, serpentine, barnacled, slimy, elven, silver, gossamer
a: Renounce Religion, Evoke Blink, Potion Petition, Call Merchant, Bribe Branch


You were in the Dungeon.
You worshipped Gozag.
Gozag was most pleased with you.
You visited 1 branch You collected 52641 gold pieces.
You spent 19761 gold pieces at shops.
You paid 30841 gold pieces to Gozag.

Inventory:

Hand Weapons
 a - the +16 obsidian axe (weapon) {drain, demonic, Mesm Drain Fly SInv}
   (You found it in the Dungeon)

   Mesm:      Its wielder is mesmerised by any visible foes, and it cannot be
   unequipped while any foes are visible.
   SInv:      It lets you see invisible.
   Fly:       It grants you flight.
   Drain:     It drains your maximum health when unequipped.
 b - the +8 frozen axe "Frostbite" {freeze, freezing cloud, *Noise Fly rC+}
   (You bought it in a shop in the Dungeon)

   rC:        It protects you from cold.
   Fly:       It grants you flight.
   *Noise:    It may make noises in combat.
 t - a +4 trishula of holy wrath
 y - a +9 hand crossbow of flaming
 D - a +0 bardiche of venom
 G - a +6 demon trident of venom
 M - the +8 demon trident "Rift" {distort, reach+}
   (You found it in the Dungeon)
 R - the +5 Lochaber axe {reach-cleave, Poleaxe Drain}
   (You bought it in a shop in the Dungeon)

   Poleaxe:   It uses either Axes or Polearms skill, whichever is higher.
   Drain:     It drains your maximum health when unequipped.
Armour
 c - +7 gold dragon scales (worn)
 d - a +2 tower shield of protection (worn)
 e - a +1 pair of boots (worn)
 f - a +0 pair of gloves of strength (worn)
 g - the +0 hat "Ebyad" (worn) {rF+}
   (You acquired it in the Dungeon)

   rF:        It protects you from fire.
 h - the +1 cloak "Nequthuu" (worn) {rF+ rC+}
   (You bought it in a shop in the Dungeon)

   rF:        It protects you from fire.
   rC:        It protects you from cold.
 P - the +5 robe of Night {Dark Will+ SInv}
   (You bought it in a shop in the Dungeon)

   Dark:      It shrouds the wearer in darkness, reducing the range at which
   they can see and be seen by others.
   SInv:      It lets you see invisible.
   Will:      It increases your willpower.
Jewellery
 i - the necklace of Bloodlust (around neck) {Fury *Rage Will++ Int-3 Slay+6}
   (You bought it in a shop in the Dungeon)

   [amulet of nothing]

   Fury:      It extends the wearer's berserk rage when killing foes.
   Int:       It affects your intelligence (-3).
   Slay:      It affects your accuracy & damage with ranged weapons and melee
   (+6).
   *Rage:     It berserks you when you make melee attacks (+50% chance).
   Will:      It greatly increases your willpower.
 j - the ring "Reger" (right hand) {Wiz Fly rPois Slay+6 Stlth-}
   (You bought it in a shop in the Dungeon)

   [ring of wizardry]

   It improves your spell success rate.
   Slay:      It affects your accuracy & damage with ranged weapons and melee
   (+6).
   rPois:     It protects you from poison.
   Fly:       It grants you flight.
   Stlth:     It makes you less stealthy.
 k - the ring "Zuodeddi" (left hand) {+Blink rCorr Slay+4}
   (You found it in the Dungeon)

   [ring of slaying]

   Slay:      It affects your accuracy & damage with ranged weapons and melee
   (+4).
   +Blink:    It lets you blink.
   rCorr:     It protects you from acid and corrosion.
 o - the ring "Jixu" {rF+ Will++}
   (You found it in the Dungeon)

   [ring of protection from fire]

   rF:        It protects you from fire.
   Will:      It greatly increases your willpower.
 u - the ring of the Charming Messenger {rF++ Str+3}
   (You found it in the Dungeon)

   [ring of strength]

   Str:       It affects your strength (+3).
   rF:        It greatly protects you from fire.
Wands
 l - a wand of iceblast (17)
 v - a wand of polymorph (8)
 C - a wand of paralysis (8)
 F - a wand of flame (22)
 J - a wand of mindburst (19)
 L - a wand of quicksilver (4)
Scrolls
 w - 7 scrolls of blinking
 E - 2 scrolls of silence
 O - 4 scrolls of identify
Potions
 m - a potion of resistance
 n - 5 potions of curing
Miscellaneous
 p - a phial of floods
 r - a piece from Xom's chessboard (15/15)
 s - a phantom mirror
 A - a lightning rod (4/4)
 K - a tin of tremorstones (2/2)
 N - a box of beasts


   Skills:
 O Level 27 Fighting
 + Level 11.9(13.9) Short Blades
 + Level 12.9(15.1) Long Blades
 O Level 27 Axes
 + Level 22.8(27) Maces & Flails
 O Level 27 Polearms
 + Level 22.8(27) Staves
 O Level 27 Ranged Weapons
 O Level 27 Armour
 O Level 27 Dodging
 O Level 27 Shields
 + Level 12.4 Spellcasting
 O Level 27 Evocations


You had 43 spell levels left.
You didn't know any spells.
Your spell library contained the following spells:

 Spells                   Type           Power      Damage    Failure   Level
 Inner Flame              Hex/Fire       1%         N/A       67%         3
 Flame Wave               Conj/Fire      1%         2d4       96%         4
 Sticky Flame             Conj/Fire      1%         2d3       96%         4
 Borgnjor's Vile Clutch   Necr/Erth      0%         N/A       100%        5
 Death Channel            Necr           0%         N/A       100%        6
 Animate Dead             Necr           Unusable   N/A       N/A         4

Dungeon Overview and Level Annotations

Branches:
Dungeon (1/1)

Altars:
Cheibriados
Dithmenos
Elyvilon
Fedhas
Gozag
Hepliaklqana
Kikubaaqudgha
Makhleb
Nemelex Xobeh
Okawaru
Qazlal
Ru
Sif Muna
Trog
Uskayaw
Vehumet
Wu Jian
Xom
Yredelemnul
Zin
The Shining One
Jiyva
Lugonu

Shops:
D =[*=********[(**[=[[


Innate Abilities, Weirdness & Mutations

You have a pair of horns on your head.
You reflexively headbutt those who attack you in melee.
You possess an exceptional clarity of mind.
You do not regenerate when monsters are visible.


Message History

The royal mummy mumbles some strange words.
The mummy priest utters an invocation to its god.
You slice the royal mummy!!
The royal mummy is moderately damaged.
The royal mummy closely misses you. You furiously retaliate!
You headbutt the royal mummy. You slice the royal mummy!!
You headbutt the royal mummy!
The royal mummy is severely damaged.
You slice the royal mummy like a ripe choko!!!
You break out of your daze!
You destroy the royal mummy!
You feel extremely nervous for a moment...
Your body is wracked with pain!
* * * LOW HITPOINT WARNING * * *
Visions of slaying the mummy priest flood into your mind.
The mummy priest mumbles some strange prayers to its god against you.
Something smites you!
* * * LOW HITPOINT WARNING * * *
You feel better.
The mummy priest mumbles some strange prayers to its god.
The royal mummy gestures wildly while chanting.
The mummy priest invokes the aid of its god against you.
Something smites you!
* * * LOW HITPOINT WARNING * * *
You slash the mummy priest! You headbutt the mummy priest!
The mummy priest is heavily damaged.
The royal mummy casts a spell.
You slice the mummy priest!! You headbutt the mummy priest!
The mummy priest is almost destroyed.
You block the mummy priest's attack.
The mummy priest calls on the powers of darkness!
The emperor scorpion convulses!
Your body is wracked with pain!
* * * LOW HITPOINT WARNING * * *
You slice the mummy priest like a ripe choko!!!
You break out of your daze!
You destroy the mummy priest!
You feel extremely nervous for a moment...
Pain shoots through your body!
You die...
Your body crumbles into a pile of gold.

*,*,*,▓.▓.▓.▓.▓.▓)▓.▓.
*,*,▓M▓.▓.▓.▓.▓.▓.▓.▓.
*+*,▓M▓.▓.▓.▓.▓.▓)▓.▓.
*,*,▓M▓.▓.▓.▓.▓.▓)▓.▓.
*+*,▓M▓.▓.▓.▓.▓.▓)▓.▓.
*,*,▓M▓.▓'▓.▓.▓.▓.▓.▓!
*,*,▓s▓.▓.▓.▓.▓.▓.▓.▓.
*,*,▓$▓.▓)▓.▓.▓.▓.▓.▓.
*,*,▓@▓.▓)▓.▓.▓.▓.▓.▓.
*,*,▓.▓.▓)▓.▓)▓.▓)▓.▓.
*,*,▓.▓.▓)▓.▓)▓.▓.▓.▓.
*,*,▓.▓.▓)▓.▓.▓.▓)▓.▓[
*,*,▓.▓.▓)▓.▓'▓.▓)▓.▓[
*,*,▓.▓.▓.▓.▓)▓.▓)▓.▓[
*,*,▓.▓.▓.▓.▓)▓.▓.▓.▓[
*,*,▓.▓.▓)▓.▓.▓.▓.▓.▓[
*,*,▓.▓.▓)▓.▓'▓.▓)▓.▓[


You could see 2 royal mummies, an emperor scorpion (summoned), 2 mummy priests
and a guardian mummy.

Vanquished Creatures
  the Royal Jelly (D)
  4 ancient liches (D)
  Mennas (D)
  4 orbs of fire (D)
  Sojobo (D)
  2 royal mummies (D)
  Boris (D)
  Frederick (D)
  2 Killer Klowns (D)
  Xtahua (D)
  A curse toe (D)
  6 golden dragons (D)
  Nikola (D)
  3 electric golems (D)
  A hellephant (D)
  2 Brimstone Fiends (D)
  Rupert (D)
  3 tentacled monstrosities (D)
  An Ice Fiend (D)
  30 Orb Guardians (D)
  A quicksilver dragon (D)
  A titan (D)
  4 deep elf blademasters (D)
  4 deep elf master archers (D)
  8 acid blobs (D)
  12 sphinxes (D)
  2 liches (D)
  2 death cobs (D)
  2 tengu reavers (D)
  8 shadow dragons (D)
  2 storm dragons (D)
  2 draconian monks (D)
  Kirke (D)
  Donald (D)
  5 rockslimes (D)
  An azure jelly (D)
  Ilsuiw (D)
  A draconian knight (D)
  7 nagarajas (D)
  4 frost giants (D)
  8 emperor scorpions (D)
  2 deep elf sorcerers (D)
  A fire giant (D)
  5 vault wardens (D)
  3 ghost moths (D)
  A draconian scorcher (D)
  5 quicksilver oozes (D)
  A draconian stormcaller (D)
  2 draconian annihilators (D)
  3 very ugly things (D)
  3 ironbound thunderhulks (D)
  A broodmother (D)
  4 stone giants (D)
  8 vampire knights (D)
  2 green draconians (D)
  An ironbound preserver (D)
  4 red draconians (D)
  Azrael (D)
  A dire elephant (D)
  A deep elf annihilator (D)
  3 yellow draconians (D)
  3 black draconians (D)
  6 white draconians (D)
  A purple draconian (D)
  A spark wasp (D)
  A deep elf death mage (D)
  4 ettins (D)
  6 merfolk javelineers (D)
  4 merfolk impalers (D)
  4 mummy priests (D)
  A great orb of eyes (D)
  6 fire dragons (D)
  A yaktaur captain (D)
  4 deep elf high priests (D)
  6 ice dragons (D)
  25 vault guards (D)
  2 rakshasas (D)
  7 hydras (D)
  Erica (D)
  2 ogre magi (D)
  3 anacondas (D)
  A ghost crab (D)
  2 centaur warriors (D)
  A spriggan air mage (D)
  A boulder beetle (D)
  A merfolk aquamancer (D)
  An alligator (D)
  4 deep troll earth magi (D)
  2 vampire magi (D)
  A hell hog (D)
  A tengu warrior (D)
  6 death yaks (D)
  A naga warrior (D)
  A naga sharpshooter (D)
  A cherub (D)
  An orb spider (D)
  3 goliath frogs (D)
  3 sea snakes (D)
  7 swamp dragons (D)
  A harpy (D)
  3 ironbound convokers (D)
  2 naga ritualists (D)
  3 wizards (D)
  4 deep elf pyromancers (D)
  2 necromancers (D)
  3 lindwurms (D)
  2 steelbarb worms (D)
  12 orc knights (D)
  2 wolf spiders (D)
  2 cyclopes (D)
  11 moths of wrath (D)
  3 manticores (D)
  2 elephants (D)
  Joseph (D)
  A merfolk siren (D)
  2 vault sentinels (D)
  3 cane toads (D)
  3 black mambas (D)
  5 naga magi (D)
  A demonic crawler (D)
  A guardian serpent (D)
  A kobold demonologist (D)
  A komodo dragon (D)
  A rime drake (D)
  An efreet (D)
  A freezing wraith (D)
  15 guardian mummies (D)
  2 merfolk (D)
  A meliai (D)
  2 blink frogs (D)
  12 spriggans (D)
  A jumping spider (D)
  2 snapping turtles (D)
  A slime creature (D)
  A wraith (D)
  A ynoxinul (D)
  6 yaks (D)
  A fire elemental (D)
  2 hogs (D)
  4 humans (D)
  A golden eye (D)
  3 redbacks (D)
  An acid dragon (D)
  A water moccasin (D)
  4 hell hounds (D)
  2 floating eyes (D)
  12 orc warriors (D)
  A black bear (D)
  An ogre (D)
  A wolf (D)
  A gnoll sergeant (D)
  A wight (D)
  A howler monkey (D)
  A hound (D)
  2 orc priests (D)
  5 orc wizards (D)
  2 adders (D)
  9 orcs (D)
  A ball python (D)
  A giant cockroach (D)
  2 quokkas (D)
  2 rats (D)
502 creatures vanquished.

Vanquished Creatures (collateral kills)
  A dire elephant (D)
  An entropy weaver (D)
  A lindwurm (D)
  An ironbound convoker (D)
  An orc sorcerer (D)
  A yaktaur (D)
6 creatures vanquished.

Vanquished Creatures (others)
  A hydra (D)
  A merfolk aquamancer (D)
  A bloated husk (D)
  A hornet (D)
4 creatures vanquished.

Grand Total: 512 creatures vanquished

Notes
Turn   | Place    | Note
-------+----------+-------------------------------------------
     0 | D        | Heoruswealwe the Minotaur Fighter began the quest for the
                  | Orb.
     0 | D        | Reached XP level 1. HP: 19/19 MP: 0/0
    48 | D        | Noticed a hound
    48 | D        | Noticed an ogre
    55 | D        | Killed an ogre
    56 | D        | Reached XP level 2. HP: 30/30 MP: 1/1
    56 | D        | Reached XP level 3. HP: 37/37 MP: 2/2
    56 | D        | Reached XP level 4. HP: 44/44 MP: 3/3
    71 | D        | Reached XP level 5. HP: 37/52 MP: 4/4
    77 | D        | Found a snail-covered altar of Cheibriados.
    77 | D        | Found a shadowy altar of Dithmenos.
    77 | D        | Found a white marble altar of Elyvilon.
    77 | D        | Found a blossoming altar of Fedhas.
    77 | D        | Found an opulent altar of Gozag.
    78 | D        | Found a hazy altar of Hepliaklqana.
    79 | D        | Found a viscous altar of Jiyva.
    80 | D        | Found an ancient bone altar of Kikubaaqudgha.
    81 | D        | Found a corrupted altar of Lugonu.
    82 | D        | Found a burning altar of Makhleb.
    83 | D        | Found a sparkling altar of Nemelex Xobeh.
    84 | D        | Found an iron altar of Okawaru.
    85 | D        | Became a worshipper of Gozag Ym Sagoz the Greedy
    86 | D        | Found a stormy altar of Qazlal.
    87 | D        | Found a sacrificial altar of Ru.
    88 | D        | Found a shimmering blue altar of Sif Muna.
    89 | D        | Found a bloodstained altar of Trog.
    90 | D        | Found a hide-covered altar of Uskayaw.
    91 | D        | Found a radiant altar of Vehumet.
    92 | D        | Found an ornate altar of the Wu Jian Council.
    93 | D        | Found a shimmering altar of Xom.
    94 | D        | Found a basalt altar of Yredelemnul.
    95 | D        | Found a glowing silver altar of Zin.
    96 | D        | Found a glowing golden altar of the Shining One.
   104 | D        | Found the +16 obsidian axe {drain, demonic, Mesm Drain Fly
                  | SInv}
   171 | D        | Noticed an orc warrior
   171 | D        | Noticed a kobold demonologist
   177 | D        | Reached skill level 5 in Axes
   178 | D        | Reached XP level 6. HP: 62/62 MP: 5/5
   181 | D        | Killed a kobold demonologist
   182 | D        | Reached XP level 7. HP: 71/71 MP: 6/6
   184 | D        | Reached skill level 10 in Fighting
   184 | D        | Reached skill level 10 in Axes
   184 | D        | Reached skill level 10 in Armour
   215 | D        | Noticed a deep elf pyromancer
   215 | D        | Noticed a wraith
   215 | D        | Noticed a cyclops
   215 | D        | Noticed a cyclops
   215 | D        | Noticed a manticore
   215 | D        | Noticed a deep elf pyromancer
   222 | D        | Killed a deep elf pyromancer
   223 | D        | Reached XP level 8. HP: 27/82 MP: 7/7
   227 | D        | Killed a manticore
   231 | D        | Killed a cyclops
   234 | D        | Killed a cyclops
   235 | D        | Reached skill level 15 in Axes
   235 | D        | Reached XP level 9. HP: 52/92 MP: 8/8
   239 | D        | Killed a deep elf pyromancer
   576 | D        | Noticed a cane toad
   576 | D        | Noticed a cane toad
   576 | D        | Noticed a cane toad
   576 | D        | Noticed an elephant
   576 | D        | Noticed a black mamba
   578 | D        | Noticed a rime drake
   579 | D        | Killed a black mamba
   584 | D        | Killed an elephant
   591 | D        | Killed a cane toad
   592 | D        | Killed a cane toad
   593 | D        | Reached XP level 10. HP: 70/104 MP: 9/9
   593 | D        | Killed a cane toad
   602 | D        | Reached skill level 15 in Armour
   609 | D        | Reached skill level 15 in Fighting
   949 | D        | Noticed an elephant
   958 | D        | Noticed a lindwurm
   964 | D        | Killed an elephant
   980 | D        | Killed a lindwurm
  1029 | D        | Noticed a death yak
  1029 | D        | Noticed a death yak
  1029 | D        | Noticed a death yak
  1029 | D        | Noticed a death yak
  1030 | D        | Noticed a death yak
  1034 | D        | Noticed a death yak
  1038 | D        | Killed a death yak
  1042 | D        | Killed a death yak
  1043 | D        | Reached XP level 11. HP: 112/115 MP: 10/10
  1046 | D        | Killed a death yak
  1052 | D        | Killed a death yak
  1055 | D        | Killed a death yak
  1059 | D        | Killed a death yak
  1299 | D        | Noticed Erica
  1305 | D        | Killed Erica
  1347 | D        | Noticed Joseph
  1358 | D        | Killed Joseph
  1416 | D        | Noticed an orc knight
  1432 | D        | Killed an orc knight
  1632 | D        | Noticed an orc sorcerer
  1643 | D        | Killed an orc sorcerer
  1899 | D        | Found Lukomih's Antique Armour Boutique.
  1899 | D        | Noticed an orc knight
  1899 | D        | Noticed an orc knight
  1899 | D        | Noticed an orc knight
  1899 | D        | Noticed an orc knight
  1901 | D        | Noticed an orc knight
  1904 | D        | Noticed an orc knight
  1911 | D        | Killed an orc knight
  1917 | D        | Killed an orc knight
  1919 | D        | Killed an orc knight
  1922 | D        | Found Delingur's Armour Shop.
  1925 | D        | Killed an orc knight
  1930 | D        | Killed an orc knight
  1931 | D        | Reached XP level 12. HP: 56/128 MP: 11/11
  1931 | D        | Found Kazytuk's Distillery.
  1936 | D        | Found Pasoen's Jewellery Shop.
  2319 | D        | Bought a pair of boots for 112 gold pieces
  2319 | D        | Bought a runed tower shield for 187 gold pieces
  2355 | D        | Bought 2 potions of mutation for 224 gold pieces
  2355 | D        | Bought a potion of curing for 42 gold pieces
  2355 | D        | Bought a potion of brilliance for 56 gold pieces
  2355 | D        | Bought a potion of heal wounds for 70 gold pieces
  2355 | D        | Bought a potion of resistance for 140 gold pieces
  2355 | D        | Bought a potion of resistance for 140 gold pieces
  2377 | D        | Bought a pair of runed gloves for 165 gold pieces
  2377 | D        | Bought a pair of runed gloves for 165 gold pieces
  2377 | D        | Bought a smoking plate armour for 616 gold pieces
  2377 | D        | Identified the +6 plate armour of the Armadillo {rElec rN+
                  | Int+2} (You bought it in a shop in the Dungeon)
  2427 | D        | Bought a phial of floods for 1200 gold pieces
  2427 | D        | Bought a piece from Xom's chessboard (15/15) for 600 gold
                  | pieces
  2427 | D        | Bought a phantom mirror for 1200 gold pieces
  2427 | D        | Bought a scroll labelled EHA RUGUDAON for 30 gold pieces
  2433 | D        | Bought a scroll labelled GUON BIPPAEL for 35 gold pieces
  2433 | D        | Bought a silver wand for 140 gold pieces
  2433 | D        | Bought a potion of curing for 105 gold pieces
  2433 | D        | Bought a scroll labelled GUON BIPPAEL for 35 gold pieces
  2596 | D        | Noticed an ogre mage
  2596 | D        | Noticed a centaur warrior
  2601 | D        | Noticed a centaur warrior
  2604 | D        | Noticed a fire dragon
  2607 | D        | Noticed a fire dragon
  2610 | D        | Killed a centaur warrior
  2612 | D        | Noticed a deep troll earth mage
  2613 | D        | Noticed a brown very ugly thing
  2615 | D        | Killed an ogre mage
  2620 | D        | Killed a centaur warrior
  2623 | D        | Noticed a frost giant
  2627 | D        | Killed a fire dragon
  2628 | D        | Noticed an ettin
  2635 | D        | Killed a brown very ugly thing
  2638 | D        | Killed a fire dragon
  2641 | D        | Killed a deep troll earth mage
  2646 | D        | Killed a frost giant
  2654 | D        | Killed an ettin
  3095 | D        | Bought a potion of haste for 350 gold pieces
  3319 | D        | Noticed an alligator
  3319 | D        | Noticed an eight-headed hydra
  3319 | D        | Noticed a four-headed hydra
  3320 | D        | Noticed a four-headed hydra
  3322 | D        | Killed a six-headed hydra
  3323 | D        | Noticed a ghost crab
  3328 | D        | Killed a ten-headed hydra
  3329 | D        | Reached XP level 13. HP: 109/141 MP: 12/12
  3601 | D        | Noticed a merfolk impaler
  3608 | D        | Reached skill level 27 in Axes
  3612 | D        | Killed a merfolk impaler
  3613 | D        | Reached skill level 1 in Dodging
  3613 | D        | Reached skill level 1 in Evocations
  3633 | D        | Reached skill level 5 in Shields
  3705 | D        | Reached skill level 5 in Dodging
  3762 | D        | Noticed a ghost moth
  3762 | D        | Noticed a broodmother
  3775 | D        | Killed a broodmother
  3776 | D        | Reached skill level 5 in Evocations
  3780 | D        | Killed a ghost moth
  4123 | D        | Bought a pair of glowing gloves for 232 gold pieces
  4123 | D        | Bought an encrusted cloak for 294 gold pieces
  4123 | D        | Identified the +1 cloak "Nequthuu" {rF+ rC+} (You bought it
                  | in a shop in the Dungeon)
  4123 | D        | Bought a pair of jewelled gloves for 294 gold pieces
  4123 | D        | Identified the +1 pair of gloves of Ampull {Harm rElec
                  | Int+4 Dex-3} (You bought it in a shop in the Dungeon)
  4161 | D        | Noticed Azrael
  4170 | D        | Killed Azrael
  4220 | D        | Noticed Rupert
  4231 | D        | Killed Rupert
  4404 | D        | Bought a lightning rod (4/4) for 930 gold pieces
  4404 | D        | Bought a scroll labelled BIEQEA MUFEE for 31 gold pieces
  4404 | D        | Bought a scintillating ruby amulet for 155 gold pieces
  4404 | D        | Identified the amulet "Zachelal" {Faith Dex+2} (You bought
                  | it in a shop in the Dungeon)
  4404 | D        | Bought a scroll labelled RIEBBU QAPLI for 31 gold pieces
  4433 | D        | Noticed Donald
  4447 | D        | Killed Donald
  4448 | D        | Reached skill level 10 in Shields
  4528 | D        | Noticed Kirke
  4541 | D        | Killed Kirke
  4857 | D        | Noticed a frost giant
  4863 | D        | Reached XP level 14. HP: 154/155 MP: 13/13
  4880 | D        | Killed a frost giant
  4893 | D        | Reached skill level 10 in Dodging
  4932 | D        | Noticed a stone giant
  4938 | D        | Killed a stone giant
  5245 | D        | Noticed an ironbound preserver
  5256 | D        | Killed an ironbound preserver
  5266 | D        | Noticed an ironbound thunderhulk
  5269 | D        | Reached skill level 10 in Evocations
  5272 | D        | Killed an ironbound thunderhulk
  5275 | D        | Noticed a vault warden
  5277 | D        | Noticed an ironbound thunderhulk
  5281 | D        | Noticed an ironbound thunderhulk
  5283 | D        | Killed an ironbound thunderhulk
  5290 | D        | Killed a vault warden
  5302 | D        | Noticed an Orb Guardian
  5302 | D        | Noticed a vault warden
  5303 | D        | Noticed a lich
  5310 | D        | Killed an Orb Guardian
  5311 | D        | Noticed a red draconian scorcher
  5315 | D        | Killed an ironbound thunderhulk
  5318 | D        | Killed a vault warden
  5323 | D        | Killed a lich
  5324 | D        | Reached skill level 15 in Shields
  5331 | D        | Killed a red draconian scorcher
  5663 | D        | Bought a scroll labelled HUQAS SUUQAZ for 38 gold pieces
  5663 | D        | Bought a scroll labelled PEGGOTZORU for 38 gold pieces
  5663 | D        | Bought a potion of mutation for 304 gold pieces
  5663 | D        | Bought a wand of polymorph (6) for 319 gold pieces
  5663 | D        | Bought a heavily runed iron ring for 190 gold pieces
  5663 | D        | Identified the ring "Susuts" {Wiz Str+5} (You bought it in
                  | a shop in the Dungeon)
  5677 | D        | Bought a scroll labelled GUON BIPPAEL for 39 gold pieces
  5689 | D        | Noticed a tengu reaver
  5690 | D        | Noticed Sojobo
  5691 | D        | Noticed a tengu reaver
  5696 | D        | Killed a tengu reaver
  5724 | D        | Killed Sojobo
  5725 | D        | Reached XP level 15. HP: 82/169 MP: 14/14
  5732 | D        | Killed a tengu reaver
  6036 | D        | Noticed Frederick
  6045 | D        | Killed Frederick
  6065 | D        | Noticed Nikola
  6073 | D        | Killed Nikola
  6272 | D        | Noticed Xtahua
  6274 | D        | Paralysed by Xtahua for 5 turns
  6286 | D        | Killed Xtahua
  6287 | D        | Reached skill level 15 in Dodging
  6315 | D        | Noticed a nagaraja
  6315 | D        | Noticed a nagaraja
  6317 | D        | Noticed a nagaraja
  6321 | D        | Noticed a nagaraja
  6323 | D        | Noticed a nagaraja
  6329 | D        | Killed a nagaraja
  6330 | D        | Noticed a nagaraja
  6332 | D        | Killed a nagaraja
  6333 | D        | Noticed a nagaraja
  6335 | D        | Killed a nagaraja
  6341 | D        | Killed a nagaraja
  6345 | D        | Killed a nagaraja
  6350 | D        | Killed a nagaraja
  6358 | D        | Killed a nagaraja
  6378 | D        | Got a serpentine rune of Zot
  6611 | D        | Got a decaying rune of Zot
  7161 | D        | Bought the +8 frozen axe "Frostbite" {freeze, freezing
                  | cloud, *Noise Fly rC+} for 2753 gold pieces
  7161 | D        | Found the +8 frozen axe "Frostbite" {freeze, freezing
                  | cloud, *Noise Fly rC+}
  7161 | D        | Bought a tin of tremorstones (2/2) for 1560 gold pieces
  7402 | D        | Noticed Ilsuiw
  7415 | D        | Killed Ilsuiw
  7433 | D        | Reached skill level 27 in Fighting
  7433 | D        | Reached skill level 27 in Armour
  7448 | D        | Reached skill level 15 in Evocations
  7464 | D        | Got a barnacled rune of Zot
  7723 | D        | Noticed an emperor scorpion
  7723 | D        | Noticed an emperor scorpion
  7723 | D        | Noticed an emperor scorpion
  7723 | D        | Noticed an emperor scorpion
  7728 | D        | Killed an emperor scorpion
  7745 | D        | Killed an emperor scorpion
  7746 | D        | Killed an emperor scorpion
  7747 | D        | Reached skill level 1 in Ranged Weapons
  7747 | D        | Killed an emperor scorpion
  7748 | D        | Reached XP level 16. HP: 180/183 MP: 15/15
  8073 | D        | Reached skill level 10 in Polearms
  8301 | D        | Got a gossamer rune of Zot
  8329 | D        | Bought a scroll of identify for 26 gold pieces
  8329 | D        | Bought a wand of quicksilver (5) for 273 gold pieces
  8329 | D        | Bought 2 potions of heal wounds for 130 gold pieces
  8355 | D        | Noticed Boris
  8357 | D        | Noticed Mennas
  8366 | D        | Killed Boris
  8367 | D        | Reached skill level 5 in Ranged Weapons
  8386 | D        | Killed Mennas
  8792 | D        | Reached skill level 10 in Ranged Weapons
  8982 | D        | Noticed a lich
  8999 | D        | Killed a lich
  9003 | D        | Reached skill level 15 in Polearms
  9016 | D        | Noticed a shadow dragon
  9019 | D        | Noticed a shadow dragon
  9029 | D        | Killed a shadow dragon
  9030 | D        | Identified the +5 shortbow "Peikhol" {flame, SInv}
  9040 | D        | Killed a shadow dragon
  9309 | D        | Noticed a shadow dragon
  9309 | D        | Noticed a titan
  9309 | D        | Noticed a shadow dragon
  9309 | D        | Noticed a shadow dragon
  9312 | D        | Noticed a shadow dragon
  9319 | D        | Killed a shadow dragon
  9326 | D        | Killed a shadow dragon
  9327 | D        | Noticed a shadow dragon
  9328 | D        | Found the +8 demon trident "Rift" {distort, reach+}
  9334 | D        | Killed a titan
  9335 | D        | Identified the +8 longbow "Tevixkok" {elec, rN++ Will+++
                  | Int-3}
  9344 | D        | Killed a shadow dragon
  9350 | D        | Killed a shadow dragon
  9351 | D        | Reached XP level 17. HP: 143/191 MP: 16/16
  9364 | D        | Got a silver rune of Zot
  9611 | D        | Got the ring of the Charming Messenger {rF++ Str+3}
  9614 | D        | Got the ring "Zuodeddi" {+Blink rCorr Slay+4}
  9616 | D        | Got the ring "Nak Ruru" {rF+ Will+ AC+3 Str-3 Int+5}
  9618 | D        | Got the ring "Jixu" {rF+ Will++}
  9700 | D        | Bought a scroll of magic mapping for 105 gold pieces
  9700 | D        | Bought a potion of attraction for 42 gold pieces
  9700 | D        | Bought a scroll of poison for 56 gold pieces
  9700 | D        | Bought a scroll of identify for 28 gold pieces
  9725 | D        | Bought a scroll of identify for 48 gold pieces
  9725 | D        | Bought a wooden wand for 96 gold pieces
  9725 | D        | Bought a glowing brass wand for 96 gold pieces
  9725 | D        | Bought a potion of curing for 72 gold pieces
  9725 | D        | Bought a scroll labelled GAESEI QENUIQ for 24 gold pieces
  9725 | D        | Bought a scroll of silence for 228 gold pieces
  9744 | D        | Acquired the +0 hat "Ebyad" {rF+}
  9828 | D        | Noticed a golden dragon
  9855 | D        | Killed a golden dragon
 10106 | D        | Reached skill level 15 in Ranged Weapons
 10494 | D        | Noticed a tentacled monstrosity
 10494 | D        | Noticed a tentacled monstrosity
 10498 | D        | Killed a tentacled monstrosity
 10513 | D        | Killed a tentacled monstrosity
 10654 | D        | Noticed a golden dragon
 10658 | D        | Noticed a tentacled monstrosity
 10680 | D        | Killed a golden dragon
 10687 | D        | Killed a tentacled monstrosity
 10924 | D        | Noticed a golden dragon
 10961 | D        | Killed a golden dragon
 11167 | D        | Noticed a golden dragon
 11178 | D        | Killed a golden dragon
 11418 | D        | Bought 2 scrolls of identify for 72 gold pieces
 11418 | D        | Bought the +5 robe of Night {Dark Will+ SInv} for 1080 gold
                  | pieces
 11418 | D        | Found the +5 robe of Night {Dark Will+ SInv}
 11418 | D        | Bought a scroll of identify for 36 gold pieces
 11418 | D        | Bought a wand of digging (5) for 378 gold pieces
 11418 | D        | Bought the +5 Lochaber axe {reach-cleave, Poleaxe Drain}
                  | for 637 gold pieces
 11418 | D        | Found the +5 Lochaber axe {reach-cleave, Poleaxe Drain}
 11508 | D        | Noticed an Orb Guardian
 11508 | D        | Noticed an Orb Guardian
 11508 | D        | Noticed an Orb Guardian
 11508 | D        | Noticed an Orb Guardian
 11508 | D        | Noticed an Orb Guardian
 11508 | D        | Noticed an Orb Guardian
 11516 | D        | Killed an Orb Guardian
 11517 | D        | Reached skill level 27 in Shields
 11521 | D        | Killed an Orb Guardian
 11524 | D        | Killed an Orb Guardian
 11533 | D        | Killed an Orb Guardian
 11537 | D        | Killed an Orb Guardian
 11547 | D        | Killed an Orb Guardian
 11548 | D        | Noticed an Orb Guardian
 11550 | D        | Noticed an Orb Guardian
 11553 | D        | Killed an Orb Guardian
 11553 | D        | Noticed an Orb Guardian
 11554 | D        | Reached XP level 18. HP: 200/200 MP: 17/17
 11558 | D        | Killed an Orb Guardian
 11564 | D        | Killed an Orb Guardian
 11567 | D        | Noticed an Orb Guardian
 11572 | D        | Killed an Orb Guardian
 11584 | D        | Bought the necklace of Bloodlust {Fury *Rage Will++ Int-3
                  | Slay+6} for 634 gold pieces
 11584 | D        | Found the necklace of Bloodlust {Fury *Rage Will++ Int-3
                  | Slay+6}
 11613 | D        | Noticed a curse toe
 11613 | D        | Noticed an Orb Guardian
 11613 | D        | Noticed an Orb Guardian
 11614 | D        | Noticed an Orb Guardian
 11621 | D        | Killed an Orb Guardian
 11624 | D        | Killed an Orb Guardian
 11625 | D        | Noticed an Orb Guardian
 11631 | D        | Killed a curse toe
 11639 | D        | Killed an Orb Guardian
 11641 | D        | Killed an Orb Guardian
 11651 | D        | Noticed an ancient lich
 11656 | D        | Killed an ancient lich
 11659 | D        | Noticed an orb of fire
 11669 | D        | Killed an orb of fire
 11672 | D        | Noticed an electric golem
 11676 | D        | Killed an electric golem
 11834 | D        | Bought a scroll of identify for 32 gold pieces
 11834 | D        | Bought a scroll of enchant weapon for 120 gold pieces
 11834 | D        | Bought a scroll of identify for 32 gold pieces
 11834 | D        | Bought a scroll of identify for 32 gold pieces
 11868 | D        | Noticed an orb of fire
 11868 | D        | Noticed a Killer Klown
 11868 | D        | Noticed a Killer Klown
 11868 | D        | Noticed an electric golem
 11870 | D        | Noticed an orb of fire
 11873 | D        | Reached skill level 27 in Dodging
 11878 | D        | Killed an electric golem
 11884 | D        | Killed a Killer Klown
 11887 | D        | Killed an orb of fire
 11888 | D        | Noticed an ancient lich
 11890 | D        | Noticed a golden dragon
 11895 | D        | Noticed a golden dragon
 11897 | D        | Killed an orb of fire
 11897 | D        | Noticed an orb of fire
 11898 | D        | Reached skill level 5 in Maces & Flails
 11898 | D        | Reached skill level 5 in Staves
 11906 | D        | Killed an ancient lich
 11908 | D        | Noticed an electric golem
 11912 | D        | Gained mutation: You are vulnerable to heat. (rF-) [an orb
                  | of fire]
 11914 | D        | Lost intelligence.
 11914 | D        | Gained mutation: You are dopey. (Int -2) [an orb of fire]
 11915 | D        | Gained mutation: You are weak. (Str -2) [an orb of fire]
 11917 | D        | Killed an orb of fire
 11920 | D        | Killed a golden dragon
 11921 | D        | Killed a golden dragon
 11935 | D        | Killed a Killer Klown
 11943 | D        | Killed an electric golem
 11944 | D        | Reached skill level 10 in Maces & Flails
 11944 | D        | Reached skill level 10 in Staves
 12144 | D        | Lost mutation: You are dopey. (Int -2) [potion of mutation]
 12144 | D        | Lost mutation: You are vulnerable to heat. (rF-) [potion of
                  | mutation]
 12144 | D        | Lost mutation: You are weak. (Str -2) [potion of mutation]
 12144 | D        | Gained mutation: You have sharp toenails. [potion of
                  | mutation]
 12144 | D        | Gained mutation: Armour fits poorly on your strangely
                  | shaped body. [potion of mutation]
 12144 | D        | Gained mutation: You are robust. (+10% HP) [potion of
                  | mutation]
 12145 | D        | Lost mutation: You have sharp toenails. [potion of
                  | mutation]
 12145 | D        | Lost mutation: You are robust. (+10% HP) [potion of
                  | mutation]
 12145 | D        | Gained mutation: You are partially covered in iridescent
                  | scales. (AC +2) [potion of mutation]
 12146 | D        | Lost mutation: You are partially covered in iridescent
                  | scales. (AC +2) [potion of mutation]
 12146 | D        | Lost mutation: Armour fits poorly on your strangely shaped
                  | body. [potion of mutation]
 12146 | D        | Gained mutation: You do not regenerate when monsters are
                  | visible. [potion of mutation]
 12146 | D        | Gained mutation: You possess an exceptional clarity of
                  | mind. [potion of mutation]
 12167 | D        | Noticed an Orb Guardian
 12167 | D        | Noticed an Orb Guardian
 12167 | D        | Noticed an Orb Guardian
 12167 | D        | Noticed an Orb Guardian
 12167 | D        | Noticed an Orb Guardian
 12169 | D        | Killed an Orb Guardian
 12173 | D        | Killed an Orb Guardian
 12178 | D        | Killed an Orb Guardian
 12179 | D        | Noticed an Orb Guardian
 12180 | D        | Noticed an Orb Guardian
 12181 | D        | Killed an Orb Guardian
 12184 | D        | Killed an Orb Guardian
 12184 | D        | Noticed an Orb Guardian
 12187 | D        | Noticed an Orb Guardian
 12190 | D        | Killed an Orb Guardian
 12191 | D        | Reached skill level 27 in Polearms
 12192 | D        | Noticed an Orb Guardian
 12193 | D        | Killed an Orb Guardian
 12196 | D        | Killed an Orb Guardian
 12197 | D        | Reached skill level 1 in Spellcasting
 12201 | D        | Killed an Orb Guardian
 12202 | D        | Noticed an Orb Guardian
 12205 | D        | Killed an Orb Guardian
 12210 | D        | Killed an Orb Guardian
 12211 | D        | Reached XP level 19. HP: 184/207 MP: 18/22
 12584 | D        | Got the Orb of Zot
 12665 | D        | Bought a fizzy silvery potion for 27 gold pieces
 12665 | D        | Bought a bubbling pink potion for 27 gold pieces
 12665 | D        | Bought a wand of mindburst (12) for 504 gold pieces
 12665 | D        | Bought a wand of iceblast (7) for 504 gold pieces
 12665 | D        | Bought a wand of paralysis (4) for 288 gold pieces
 12684 | D        | Noticed an ancient lich
 12684 | D        | Noticed an ancient lich
 12690 | D        | Killed an ancient lich
 12697 | D        | Killed an ancient lich
 12707 | D        | Reached skill level 5 in Spellcasting
 12717 | D        | Reached skill level 15 in Maces & Flails
 12717 | D        | Reached skill level 15 in Staves
 13100 | D        | Noticed a Brimstone Fiend
 13107 | D        | Killed a Brimstone Fiend
 13452 | D        | Got an elven rune of Zot
 13497 | D        | Paralysed by a floating eye for 2 turns
 13503 | D        | Noticed the Royal Jelly
 13512 | D        | Paralysed by a floating eye for 2 turns
 13537 | D        | Reached skill level 27 in Ranged Weapons
 13545 | D        | Killed the Royal Jelly
 13546 | D        | Reached skill level 27 in Evocations
 13553 | D        | Reached skill level 1 in Short Blades
 13555 | D        | Reached skill level 10 in Spellcasting
 13580 | D        | Got a slimy rune of Zot
 13620 | D        | Bought a runed cloak for 375 gold pieces
 13657 | D        | Reached skill level 5 in Long Blades
 13666 | D        | Noticed a Brimstone Fiend
 13673 | D        | Killed a Brimstone Fiend
 13674 | D        | Reached skill level 5 in Short Blades
 13998 | D        | Reached skill level 10 in Long Blades
 14001 | D        | Reached XP level 20. HP: 167/216 MP: 34/34
 14036 | D        | Bought the ring "Reger" {Wiz Fly rPois Slay+6 Stlth-} for
                  | 939 gold pieces
 14082 | D        | Reached skill level 10 in Short Blades
 14134 | D        | Noticed a royal mummy
 14151 | D        | Killed a royal mummy
 14406 | D        | Noticed a royal mummy
 14406 | D        | Noticed a royal mummy
 14406 | D        | Noticed a royal mummy
 14412 | D        | Killed a royal mummy
 14412 | D        | HP: 4/216 [mummy priest/divine providence (9)]
 14416 | D        | Killed by a mummy priest's death curse

Illustrated notes

Levels and vault maps discovered:
D:        linesprint [early_d, line_temple, items_1, d_10, items_2, lair_1,
          lair_end, items_3, orc_1, orc_end, items_4, d_15, swamp_1, shoals_1,
          snake_1, spider_1, d_20, vaults_1, items_5, swamp_end, shoals_end,
          snake_end, spider_end, vaults_end, d_27, items_6, zot_1, zot_end,
          crypt_end, forest_end, elf_end, slime_end, tomb_end, abyss_end,
          pan_hell_end]

Skill      XL: |  1  2  3  4  5  6  7  8  9 10 11 12 13 14 15 16 17 18 19 20 |
---------------+-------------------------------------------------------------+-----
Polearms       | 7 8 9 16 22 27 | 27.0
Fighting       | 6 7 8 9 11 12 14 16 18 20 22 25 27 | 27.0
Armour         | 6 7 8 9 11 12 14 16 18 20 22 25 27 | 27.0
Axes           | 6 9 12 15 17 20 23 26 27 | 27.0
Dodging        | 9 14 18 21 25 27 | 27.0
Shields        | 10 15 20 23 27 | 27.0
Evocations     | 7 12 15 18 21 25 27 | 27.0
Ranged Weapons | 2 13 19 24 27 | 27.0
Maces & Flails | 13 21 22 | 22.8
Staves         | 13 21 22 | 22.8
Spellcasting   | 2 11 12 | 12.4
Short Blades   | 9 11 | 11.9
Long Blades    | 10 12 | 12.9

Action                     |  1- 3 |  4- 6 |  7- 9 | 10-12 | 13-15 | 16-18 | 19-21 || total
---------------------------+-------+-------+-------+-------+-------+-------+-------++-------
  Melee: Trident           |    18 |    15 |       |       |       |       |       ||    33
         Headbutt          |     1 |     3 |     7 |    42 |   103 |   182 |    90 ||   428
         Broad axe         |       |     6 |    33 |   225 |   442 |   632 |   270 ||  1608
 Invoke: Call Merchant     |       |       |       |     4 |     4 |     6 |     3 ||    17
  Evoke: Wand              |       |       |       |       |       |       |     1 ||     1
    Use: Potion            |       |       |     1 |     2 |     1 |    15 |    30 ||    49
         Scroll            |       |       |       |       |     5 |    17 |     2 ||    24
   Stab: Distracted        |       |       |       |     4 |     8 |     7 |     1 ||    20
 Armour: Scale mail        |     2 |     7 |       |       |       |       |       ||     9
         Chain mail        |       |     5 |     1 |       |       |       |       ||     6
         Plate armour      |       |       |    15 |    67 |   110 |       |       ||   192
         Gold dragon scale |       |       |       |       |    60 |   175 |    46 ||   281
  Dodge: Dodged            |     3 |     8 |     2 |    38 |    93 |   106 |    23 ||   273
  Block: Buckler           |     6 |     4 |     3 |    11 |       |       |       ||    24
         Tower shield      |       |       |       |    31 |   283 |   400 |   113 ||   827
